 Dungeon Crawl Stone Soup version 0.22.1-1-ga44c0e56f4 (webtiles) character file.

210 Gunterle the Scratcher (level 5, -4/26 HPs)
             Began as a Felid Wanderer on Oct 3, 2018.
             Was a Follower of Ashenzari.
             Shot with an arrow by a centaur (12 damage)
             ... on level 5 of the Dungeon.
             The game lasted 00:16:35 (6226 turns).

Gunterle the Scratcher (Felid Wanderer)             Turns: 6226, Time: 00:16:35

Health: -4/26      AC:  2    Str:  9    XL:     5   Next: 57%
Magic:  7/7        EV: 20    Int: 14    God:    Ashenzari [*.....]
Gold:   181        SH:  0    Dex: 16    Spells: 4/4 levels left
                                        Lives:  0   Deaths: 2

rFire    . . .     SeeInvis +     - Unarmed
rCold    . . .     Gourm    .   (shield unavailable)
rNeg     . . .     Faith    .   (armour unavailable)
rPois    .         Spirit   .   (helmet unavailable)
rElec    .         Reflect  .   (cloak unavailable)
rCorr    .         Harm     .   (gloves unavailable)
MR       +....                  (boots unavailable)
Stlth    ++++......             (no amulet)
HPRegen  0.08/turn              m - ring of protection from magic (curse)
MPRegen  0.10/turn              (no ring)

@: quick
A: very small, no armour, no weapons or thrown items, stealth, claws 1, fangs 3,
see invisible, carnivore, speed 1, shaggy fur 2, slow metabolism 1, sharp paws
a: Curse Item, Scrying, Renounce Religion


You were on level 5 of the Dungeon.
You worshipped Ashenzari.
Ashenzari was aware of your devotion.
You were not hungry.

You visited 1 branch of the dungeon, and saw 5 of its levels.

You collected 181 gold pieces.

Inventory:

Jewellery
 m - a cursed ring of protection from magic (left paw)
Wands
 q - a wand of polymorph (1)
 r - a wand of flame (15)
Scrolls
 b - 2 scrolls of blinking
 c - 2 scrolls of teleportation
 e - 3 scrolls of immolation
 g - a scroll of fear {unknown}
 j - 3 scrolls of remove curse
 l - a scroll of identify
 n - a scroll of amnesia
 o - 3 scrolls of magic mapping {unknown}
 p - a scroll of random uselessness {unknown}
 u - a scroll of fog {unknown}
Potions
 d - 2 potions of curing
 h - 2 potions of haste
 i - a potion of magic
 k - a potion of heal wounds {unknown}
 s - 2 potions of cancellation
 t - a potion of might {unknown}
Comestibles
 f - 10 rations


   Skills:
 + Level 5.4 Fighting
 + Level 4.5 Dodging
 + Level 5.7 Stealth
 * Level 6.5 Unarmed Combat
 + Level 2.3 Evocations


You had 4 spell levels left.
You didn't know any spells.
Your spell library was empty.

Dungeon Overview and Level Annotations

Branches:
Dungeon (5/15)
 Temple: D:4-7

Altars:
Ashenzari
Zin


Innate Abilities, Weirdness & Mutations

You cannot wear armour.
You are incapable of wielding weapons or throwing items.
Your paws allow you to move quietly. (Stealth)
You have sharp claws.
You have razor-sharp teeth.
You have supernaturally acute eyesight. (SInv)
You are carnivorous and can eat meat at any time.
You cover ground quickly.
You are covered in thick fur. (AC +2)
You have a slow metabolism.
Your sharp claws are effective at attacking unaware monsters.


Message History

The orc hits you with a hand axe.
* * * LOW HITPOINT WARNING * * *
The orc misses you. The orc closely misses you.
The orc hits you with a hand axe.
You die...
You are now level 5!
You rejoin the land of the living...
Found a cursed ring of teleportation.
You see here a cursed ring of teleportation.
There is a stone staircase leading down here.
The centaur shouts!
The centaur shoots an arrow.
The arrow misses you.
You see here an arrow.
The centaur shoots an arrow.
The arrow hits you!
The centaur shoots an arrow.
The arrow barely misses you.
The centaur shoots an arrow.
The arrow closely misses you.
The centaur shoots an arrow.
The arrow hits you!
The centaur shoots an arrow.
The arrow hits you!
You die...

######################
.....................#
####################.#
#......######## #.#
#####.............# #.#
....#....c....!...# #.#
....#...........@.# #=#
....#.........†...######.#
....'................>...#
....#.............######.#
....#....$.######## #.#
#####......# #.#
######'########### ###
.................#
.................#


You could see a centaur.

Vanquished Creatures
  Edmund (D:5)
  Blork the orc (D:5)
  2 scorpions
  A bullfrog zombie (D:5)
  A hound (D:5)
  An orc priest (D:4)
  2 orc wizards
  Ijyb (D:4)
  2 worker ants (D:4)
  Natasha (thrice) (D:4)
  9 adders
  A shadow imp (D:5)
  An ooze (D:2)
  4 worms
  6 dart slugs
  3 leopard geckos
  6 orcs
  9 bats
  4 giant cockroaches
  9 goblins
  11 hobgoblins
  8 jackals
  A quokka (D:4)
  2 ball pythons
  5 frilled lizards
  7 kobolds
  A leopard gecko zombie (D:5)
  3 rats
105 creatures vanquished.

Vanquished Creatures (others)
  An orc (D:5)
1 creature vanquished.

Grand Total: 106 creatures vanquished

Notes
Turn   | Place    | Note
-------+----------+-------------------------------------------
     0 | D:1      | Gunterle the Felid Wanderer began the quest for the Orb.
     0 | D:1      | Gunterle set off with: a potion of berserk rage, a scroll
                  | of blinking, a scroll of teleportation, a potion of curing,
                  | a ration
     0 | D:1      | Reached XP level 1. HP: 11/11 MP: 2/2
   445 | D:1      | Reached XP level 2. HP: 15/15 MP: 3/3
   458 | D:1      | Reached skill level 1 in Dodging
   842 | D:2      | Reached XP level 3. HP: 17/18 MP: 4/4
  1806 | D:2      | Reached XP level 4. HP: 22/22 MP: 5/5
  1855 | D:2      | Found a glowing silver altar of Zin.
  2868 | D:3      | Reached skill level 5 in Unarmed Combat
  2902 | D:3      | Reached XP level 5. HP: 25/25 MP: 6/6
  3448 | D:3      | Found a shattered altar of Ashenzari.
  3456 | D:3      | Became a worshipper of Ashenzari the Shackled
  3588 | D:4      | Noticed Natasha
  3591 | D:4      | Killed Natasha
  3659 | D:4      | Noticed Ijyb
  3678 | D:4      | Killed Ijyb
  3678 | D:4      | Gained mutation: You are covered in thick fur. (AC +2)
                  | [Felid growth]
  3678 | D:4      | Reached XP level 6. HP: 30/30 MP: 7/7
  4107 | D:4      | Noticed Natasha
  4117 | D:4      | Killed Natasha
  5227 | D:4      | Reached skill level 5 in Fighting
  5227 | D:4      | Reached skill level 1 in Evocations
  5328 | D:4      | Reached skill level 5 in Stealth
  5520 | D:4      | Noticed Natasha
  5524 | D:4      | Killed Natasha
  5573 | D:5      | Entered Level 5 of the Dungeon
  5574 | D:5      | Reached skill level 6 in Unarmed Combat
  5597 | D:5      | Reached XP level 7. HP: 33/33 MP: 7/9
  5608 | D:5      | Noticed Blork the orc
  5620 | D:5      | Killed Blork the orc
  5874 | D:5      | Noticed Edmund
  5888 | D:5      | Killed Edmund
  6032 | D:5      | Reached * piety under Ashenzari
  6050 | D:5      | Shot with an arrow by a centaur
  6051 | D:5      | Reached XP level 6. HP: -4/30 MP: 8/8
  6196 | D:5      | Slain by an orc
  6197 | D:5      | Reached XP level 5. HP: 0/26 MP: 7/7
  6226 | D:5      | Shot with an arrow by a centaur

Skill      XL: |  1  2  3  4  5  6  7 |
---------------+----------------------+-----
Stealth        | 3 4 5 |  5.7
Dodging        | 1 2 3 4 |  4.5
Unarmed Combat | 5 6 |  6.5
Fighting       | 5 |  5.4
Evocations     | 1 2 |  2.3

Action                   |  1- 3 |  4- 6 |  7- 9 || total
-------------------------+-------+-------+-------++-------
Melee: Unarmed           |    95 |   208 |    37 ||   340
       Bite              |     4 |    11 |     3 ||    18
       Punch             |     1 |     7 |     1 ||     9
Invok: Curse Item        |       |     1 |       ||     1
Evoke: Wand              |       |       |     5 ||     5
  Use: Scroll            |     1 |     5 |       ||     6
       Potion            |       |     2 |     1 ||     3
 Stab: Sleeping          |     6 |     7 |       ||    13
       Distracted        |       |     1 |     1 ||     2
  Eat: Chunk             |     9 |    11 |     2 ||    22
Armor: Skin              |     2 |     7 |     2 ||    11
Dodge: Dodged            |    66 |   153 |    20 ||   239
